Map: Ulrena

Players

okletspartyE

  • Race: Terran Terran
  • League: Silver
  • Spawn Location: 7:00

zidar - Winner!

  • Race: Zerg Zerg
  • League: Silver
  • Spawn Location: 11:00

VOD

Have the link to the VOD?

Description

Time

  • Played on: Jan. 10, 2016, 2:37 p.m.
  • Length: 9:36
Show
View Real Time Build Order
Export as new Build Order

okletspartyE Terran 

Build Orders: Gas First Reaper Expand 

Get SALT Encoding   

  12  0:02  SCV  
  14  0:14  SCV  
  14  0:26  Supply Depot  
  14  0:30  SCV  
  14  0:34  Refinery  
  15  0:49  Barracks  
  15  0:57  SCV  
  15  0:59  Supply Depot  
  16  1:09  SCV  
  17  1:40  Reaper  
  17  1:42  Command Center  
  18  1:47  SCV  
  19  2:02  Refinery  
  19  2:04  Orbital Command  
  19  2:21  Factory  
  19  2:35  Barracks Reactor  
  19  2:36  SCV  
  20  2:45  Supply Depot  
  20  2:48  SCV  
  20  3:17  SCV  
  21  3:23  Armory  
  21  3:26  Hellion x2  
  25  3:28  Marine  
  25  3:29  SCV  
  25  3:33  SCV  
  28  3:46  Marine  
  28  3:47  Hellion x2  
  33  3:49  Barracks  
  33  4:06  Barracks Tech Lab  
  33  4:09  Hellion x2  
  37  4:14  Barracks  
  37  4:15  Orbital Command  
  37  4:16  SCV  
  38  4:26  Combat Shield  
  38  4:28  SCV  
  39  4:41  SCV x2  
  41  4:48  Barracks  
  41  4:49  Hellion x4  
  41  4:53  SCV x2  
  41  4:58  Starport  
  37  5:20  Marine, Marauder  
  40  5:32  Bunker  
  40  5:38  Marine  
  40  5:39  Marine x2  
  40  5:41  Marauder  
  45  5:50  Supply Depot, Medivac  
  45  5:56  Marine  
  52  5:57  Marine x2  
  52  6:01  SCV x2  
  52  6:03  Marauder, Widow Mine x2  
  58  6:06  Refinery  
  58  6:12  Engineering Bay  
  58  6:13  SCV x2  
  58  6:14  Marine  
  61  6:24  Marauder  
  65  6:30  SCV  
  65  6:31  SCV  
  65  6:32  Widow Mine  
  67  6:34  Marine  
  67  6:35  Marine x2  
  70  6:43  Terran Infantry Weapons Level 1  
  70  6:52  Supply Depot  
  70  6:53  Marine, Supply Depot  
  70  6:54  SCV  
  70  6:55  SCV  
  70  6:56  Marauder  
  65  7:06  SCV  
  65  7:07  SCV  
  63  7:17  Marauder  
  63  7:18  SCV  
  63  7:19  SCV  
  67  7:28  Marine x3  
  66  7:30  SCV  
  66  7:31  SCV  
  68  7:38  Marauder  
  68  7:42  SCV  
  68  7:43  SCV  
  72  7:46  Marine x3  
  75  7:54  SCV  
  75  7:55  SCV  
  72  8:00  Marauder  
  72  8:04  Marine  
  74  8:06  Marine x2  
  58  8:19  Hellion x2  
  42  8:21  Marine, Marauder  
  42  8:23  Marine  
  42  8:24  Marine  
  42  8:39  Marine  
  42  8:40  Hellion  
  38  8:41  Marine x2  
  38  8:42  Marauder  
  32  8:57  Marine  
  32  8:59  Marine x2  
  35  9:04  Marauder  
  32  9:15  Marine  
Show
View Real Time Build Order
Export as new Build Order

zidar Zerg - Winner!

Build Orders: Pool First 

Get SALT Encoding   

  12  0:02  Drone  
  13  0:12  Overlord  
  13  0:17  Drone  
  14  0:33  Drone  
  14  0:34  Drone  
  16  0:42  Drone  
  17  0:48  Spawning Pool  
  16  0:51  Drone  
  17  1:14  Hatchery  
  17  1:16  Drone  
  17  1:19  Drone  
  17  1:25  Extractor  
  17  1:26  Drone  
  17  1:31  Overlord  
  18  1:41  Queen  
  20  1:47  Drone  
  21  1:57  Drone  
  22  2:05  Drone  
  23  2:13  Drone  
  24  2:17  Queen  
  26  2:31  Metabolic Boost  
  26  2:39  Zergling x4  
  26  2:40  Zergling x4  
  30  3:18  Drone x6  
  36  3:20  Overlord  
  36  3:26  Extractor  
  35  3:32  Roach Warren  
  34  3:34  Evolution Chamber  
  34  3:39  Evolution Chamber  
  32  4:11  Roach x6  
  44  4:20  Overlord x2  
  40  4:56  Roach x3  
  40  4:57  Roach x2  
  40  4:58  Roach  
  52  5:22  Overlord  
  52  5:23  Overlord  
  52  5:33  Extractor  
  51  5:36  Extractor  
  50  5:44  Zerg Ground Armor Level 1  
  50  5:47  Roach x3  
  50  5:48  Roach x6  
  68  5:52  Overlord  
  68  5:58  Lair  
  68  6:10  Ravager  
  68  6:11  Ravager x2  
  71  6:16  Ravager  
  72  6:27  Ravager  
  56  7:10  Overseer  
  54  7:18  Roach x4  
  54  7:19  Roach x7  
  76  7:35  Overlord x3  
  37  8:56  Roach  
  37  8:57  Roach x13  
Tags
 
Add a new tag
Caveats
  • Supply blocks, unpowered buildings, or Contaminate may cause inaccurate times.
  • Supply counts are checked every 10 seconds.